 Dungeon Crawl Stone Soup version 0.31-a0-1-g4198be8af4 (webtiles) character file.

Game seed: 13035981716243426158

207 Juicyj the Shield-Bearer (level 5, -3/47 HPs)
             Began as a Minotaur Fighter on May 2, 2023.
             Killed by divine providence
             ... invoked by an orc priest
              (15 damage)
             ... on level 4 of the Dungeon.
             The game lasted 00:03:19 (2856 turns).

Juicyj the Shield-Bearer (Minotaur Fighter)         Turns: 2856, Time: 00:03:19

Health: -3/47      AC:  7    Str: 23    XL:     5   Next: 54%
Magic:  4/4        EV:  9    Int:  5    God:
Gold:   270        SH:  4    Dex:  9    Spells: 4/4 levels left

rFire   . . .        a - +0 war axe
rCold   . . .        c - +0 buckler
rNeg    . . .        b - +0 scale mail
rPois   .            (helmet restricted)
rElec   .            (no cloak)
rCorr   .            (no gloves)
SInv    .            (no boots)
Will    .....        (no amulet) Stlth
                     (no ring)
HPRegen 0.27/turn    (no ring)
MPRegen 0.09/turn

%: no passive effects
@: no status effects
A: horns 2, retaliatory headbutt
a: no special abilities


You were on level 4 of the Dungeon.
You visited 1 branch of the dungeon, and saw 4 of its levels.

You collected 270 gold pieces.

Inventory:

Hand Weapons
 a - a +0 war axe (weapon)
Missiles
 f - 5 poisoned darts (quivered)
 n - 6 boomerangs
Armour
 b - a +0 scale mail (worn)
 c - a +0 buckler (worn)
Jewellery
 i - a ring of ice
 u - a ring of protection from cold
 v - an amulet of faith
Wands
 l - a wand of roots (1)
Scrolls
 g - 9 scrolls of identify {unknown}
 h - a scroll of blinking {unknown}
 o - 2 scrolls of enchant weapon {unknown}
 q - a scroll of summoning {unknown}
 s - a scroll of vulnerability {unknown}
 w - a scroll of noise {unknown}
 x - a scroll of silence {unknown}
Potions
 d - a potion of might
 e - 5 potions of curing {unknown}
 j - 2 potions of heal wounds {unknown}
 k - 2 potions of mutation {unknown}
 m - 2 potions of invisibility {unknown}
 p - 3 potions of brilliance {unknown}
 r - 2 potions of attraction {unknown}
 t - a potion of magic {unknown}


   Skills:
 + Level 4.9 Fighting
 + Level 4.0 Axes
 + Level 4.9 Armour
 + Level 5.0 Shields


You had 4 spell levels left.
You didn't know any spells.
Your spell library contained the following spells:

 Spells                   Type           Power      Damage    Failure   Level
 Blink                    Tloc           0%         N/A       93%         2
 Cigotuvi's Dreadful Rot  Necr/Pois/Air  0%         N/A       93%         2
 Lesser Beckoning         Tloc           0%         N/A       93%         2
 Momentum Strike          Conj/Tloc      0%         3d8       93%         2
 Hailstorm                Conj/Ice       0%         3d3       99%         3
 Ozocubu's Armour         Ice            0%         N/A       99%         3
 Dispel Undead            Necr           0%         3d6       100%        4
 Ice Form                 Ice/Tmut       0%         N/A       100%        4
 Death Channel            Necr           0%         N/A       100%        6
 Simulacrum               Ice/Necr       0%         N/A       100%        6
 Ozocubu's Refrigeration  Ice            0%         4d7       100%        7


Dungeon Overview and Level Annotations

Branches:
Dungeon (4/15)
 Temple: D:4-7

Altars:

Shops:
D:1 (   D:2 =   D:4 !


Innate Abilities, Weirdness & Mutations

You have a pair of horns on your head.
You reflexively headbutt those who attack you in melee.


Message History

You add the spells Blink, Momentum Strike and Lesser Beckoning to your library.
There is a stone staircase leading up here.
You enter the shallow water.
Moving in this stuff is going to be slow.
You enter the shallow water.
Moving in this stuff is going to be slow. 2 orcs come into view.
The orc shouts!
A ball python comes into view.
There are monsters nearby!
An orc priest comes into view. It is wielding a +0 flail.
The orc priest shouts!
An orc comes into view. It is wielding a +0 dagger.
An orc priest comes into view. It is wielding a +0 morningstar.
Found 3 javelins.
The orc shouts!
The orc priest calls down the wrath of Beogh upon you.
Beogh smites you! The orc hits you with a +0 dagger.
The orc hits you with a +0 mace.
You barely miss the orc. You headbutt the orc!
You kill the orc!
You slash the orc!
You kill the orc!
The ball python bites you. The ball python barely misses you.
The orc priest invokes the aid of Beogh against you.
Beogh smites you!
* * * LOW HITPOINT WARNING * * *
You are too injured to fight recklessly!
You are too injured to fight recklessly!
You slash the ball python!
You kill the ball python!
You slash the orc!
You kill the orc!
Your Shields skill increases to level 5!
You hit the orc priest. Your headbutt misses the orc priest.
The orc priest is moderately wounded.
You barely miss the orc priest. The orc priest completely misses you.
The orc priest mumbles some strange prayers to Beogh against you.
Beogh smites you!
You die...

....#.##########....##
....#..# #....####
....##.######....#
##.###.....##....##
#................#
#.#####........#.#
#........>.#####.#
############.....#
+...@.# #..oo## #....#
......# #.......#
#......## #(.....
#......


You could see 2 orc priests.

Vanquished Creatures
  2 iguanas (D:4)
  Robin (D:2)
  4 adders
  3 worms
  5 orcs
  6 bats
  6 endoplasms
  A giant cockroach (D:4)
  15 goblins
  10 hobgoblins
  6 jackals
  6 quokkas
  5 ball pythons
  6 frilled lizards
  7 kobolds
  6 rats
89 creatures vanquished.

Notes
Turn   | Place    | Note
-------+----------+-------------------------------------------
     0 | D:1      | Juicyj the Minotaur Fighter began the quest for the Orb.
     0 | D:1      | Reached XP level 1. HP: 19/19 MP: 0/0
   250 | D:1      | Reached XP level 2. HP: 24/27 MP: 1/1
   458 | D:1      | Reached skill level 4 in Shields
   466 | D:1      | Found Locamu's Weapon Emporium.
   687 | D:2      | Found Enesacw's Jewellery Emporium.
   694 | D:2      | Noticed Robin
   706 | D:2      | Reached XP level 3. HP: 23/33 MP: 2/2
   708 | D:2      | Killed Robin
  1124 | D:2      | Reached XP level 4. HP: 40/40 MP: 3/3
  1295 | D:2      | Identified the +1 leather armour of Esenuep {rElec}
  2505 | D:4      | Found Fiykk's Distillery.
  2567 | D:4      | Reached XP level 5. HP: 47/47 MP: 4/4
  2856 | D:4      | Reached skill level 5 in Shields
  2856 | D:4      | Killed from afar by an orc priest

Illustrated notes

Levels and vault maps discovered:
D:1:      giann_bridges, layout_basic, serial_shops,
          nicolae_shop_just_a_little_nook
D:2:      minmay_skewed_foursquare, layout_basic, serial_shops,
          nicolae_shop_hallway_plus, minmay_misc_feat_cross, uniq_robin
D:3:      layout_loops_ring
D:4:      layout_basic, serial_shops, shop, chequers_serial_rivers_small_b,
          lightli_corner_chamber, uniq_menkaure

Skill      XL: |  1  2  3  4  5 |
---------------+----------------+-----
Fighting       | 4 |  4.9
Shields        | 4 5 |  5.0
Armour         | 4 |  4.9
Axes           | 3 4 |  4.0

Action                     |  1- 3 |  4- 6 || total
---------------------------+-------+-------++-------
  Melee: War axe           |    77 |    98 ||   175
         Headbutt          |     4 |    10 ||    14
 Armour: Scale mail        |    43 |    51 ||    94
  Dodge: Dodged            |    37 |    43 ||    80
  Block: Buckler           |    14 |    16 ||    30

Table legend: (Time is in decaauts)
 A = Elapsed time spent in this place.
 B = Non-inter-level travel time spent in this place.
 C = Inter-level travel time spent in this place.
 D = Time resting spent in this place.
 E = Time spent auto-exploring this place.
 F = Levels seen in this place.
 G = Mean time per level.
                   A        B        C        D        E       F      G
               +--------+--------+--------+--------+--------+-----+--------+
         Total |   2923 |   2847 |     76 |      0 |   2341 |   4 |  730.8 |
       Dungeon |   2923 |   2847 |     76 |      0 |   2341 |   4 |  730.8 |
               +--------+--------+--------+--------+--------+-----+--------+

Top non-repeatable levels by time:
     D:2: 977 daAuts
     D:3: 859 daAuts
     D:1: 680 daAuts
     D:4: 406 daAuts
